 Dungeon Crawl Stone Soup version 0.28-a0-1117-g0bdd5ba030 (webtiles) character file.

Game seed: 8259880444278840090

119 ragingrage the Charlatan (level 5, -3/32 HPs)
             Began as a Gargoyle Artificer on Dec 11, 2021.
             Slain by Ijyb (5 damage)
             ... on level 3 of the Dungeon.
             The game lasted 00:05:03 (3929 turns).

ragingrage the Charlatan (Gargoyle Artificer)       Turns: 3929, Time: 00:05:04

Health: -3/32      AC:  8    Str: 15    XL:     5   Next: 3%
Magic:  5/5        EV: 11    Int: 12    God:
Gold:   170        SH:  0    Dex: 12    Spells: 4/4 levels left

rFire   . . .      SeeInvis .   a - staff of poison
rCold   . . .      Faith    .   (no shield)
rNeg    + . .      Spirit   .   i - +1 leather armour
rPois   ∞          Reflect  .   (no helmet)
rElec   +          Harm     .   (no cloak)
rCorr   .          Rampage  .   (no gloves)
Will    .....                   (no boots)
Stlth   +.........              (no amulet)
HPRegen 0.10/turn               (no ring)
MPRegen 0.09/turn               (no ring)

@: no status effects
A: sickness immunity, AC +4, negative energy resistance 1, electricity
resistance, torment resistance 1, petrification resistance
a: no special abilities


You were on level 3 of the Dungeon.
You visited 1 branch of the dungeon, and saw 3 of its levels.

You collected 170 gold pieces.

Inventory:

Hand Weapons
 b - a +0 hunting sling
 l - a +0 club
Missiles
 k - 82 stones
Armour
 i - a +1 leather armour (worn)
Magical Staves
 a - a staff of poison (weapon)
Wands
 c - a wand of flame (13) (quivered)
 d - a wand of charming (14)
Scrolls
 o - a scroll of enchant armour
 r - 2 scrolls of identify
Potions
 f - a potion of degeneration {unknown}
 g - a potion of cancellation {unknown}
 h - a potion of heal wounds {unknown}
 j - a potion of berserk rage {unknown}
 m - a potion of curing {unknown}
 n - a potion of brilliance {unknown}
 p - a potion of attraction
 s - a potion of magic
 t - a potion of haste {unknown}
Miscellaneous
 e - a piece from Xom's chessboard (15/15)


   Skills:
 + Level 3.6 Fighting
 - Level 2.1 Armour
 - Level 0.7 Dodging
 - Level 1.1 Stealth
 + Level 4.0 Evocations


You had 4 spell levels left.
You didn't know any spells.
Your spell library was empty.

Dungeon Overview and Level Annotations

Branches:
Dungeon (3/15)

Altars:

Annotations:
D:3 2 runed translucent doors, exclusions: door and 1 more exclusion, Grinder; Ijyb; ytrimaz's ghost, amateur OpTm


Innate Abilities, Weirdness & Mutations

You are immune to sickness and miasma.
Your stone body is resilient. (AC +4)
You are immune to poison.
You resist negative energy. (rN+)
You are resistant to electric shocks. (rElec)
You are resistant to unholy torment.
You are immune to petrification.


Message History

Ijyb is charmed.
What are your orders? t - Shout!
Orders for allies: a - Attack new target. p - Attack previous target. r - Retreat! s - Stop attacking. g - Guard the area. f - Follow me.
Anything else - Cancel.
Gang up on whom?
Press: ? - help, Dir - move target, f - hobgoblin, p - Ijyb
Aim: a hobgoblin Attack!
Ijyb zaps a wand.
The puff of flame hits the hobgoblin.
The hobgoblin dies!
k - 79 stones (gained 1) Really attack your ally Ijyb?
Okay, then.
You swap places.
k - 80 stones (gained 1)
There are no items here.
k - 82 stones (gained 2)
r - 2 scrolls of identify (gained 1)
Found a stone staircase leading down.
Really attack your ally Ijyb?
You catch your helpless Ijyb completely off-guard!
You hit Ijyb but do no damage.
Ijyb is no longer charmed.
Ijyb hits you with a +7 club! x2
You hit Ijyb but do no damage. Ijyb hits you with a +7 club!
* * * LOW HITPOINT WARNING * * *
You hit Ijyb.
Ijyb is lightly wounded.
Ijyb hits you with a +7 club.
* * * LOW HITPOINT WARNING * * *
Aiming: Throw Flame
Press: ? - help, Shift-Dir - straight line, f/p - Ijyb
Aim: Ijyb, wielding a +7 club, wearing a +0 ring mail and carrying a wand of flame (18) (lightly wounded, 68% to hit)
The puff of flame hits Ijyb.
Ijyb is moderately wounded.
Ijyb hits you with a +7 club.
You die...

## #.#
#####.##
#......# #
#......##.#
#.#.......#.#
#.'.........#
###.......#.#
...######g#.#
##. #@..# #
#.......#
#.####..# ..#
... #... >...
.....


You could see Ijyb.

Vanquished Creatures
  4 adders (D:2)
  A worm (D:2)
  An orc (D:2)
  8 bats
  4 endoplasms
  5 giant cockroaches
  6 goblins
  4 hobgoblins (D:2)
  4 jackals (D:1)
  7 kobolds
  6 quokkas
  5 ball pythons
  10 frilled lizards
  9 rats
74 creatures vanquished.

Vanquished Creatures (collateral kills)
  A hobgoblin (D:3)
1 creature vanquished.

Vanquished Creatures (others)
  8 plants (D:3)
8 creatures vanquished.

Grand Total: 83 creatures vanquished

Notes
Turn   | Place    | Note
-------+----------+-------------------------------------------
     0 | D:1      | ragingrage the Gargoyle Artificer began the quest for the
                  | Orb.
     0 | D:1      | Reached XP level 1. HP: 12/12 MP: 1/1
    78 | D:1      | Found a faded altar of an unknown god.
   471 | D:1      | Reached skill level 3 in Evocations
   471 | D:1      | Reached XP level 2. HP: 4/17 MP: 2/2
  1243 | D:1      | Reached XP level 3. HP: 20/21 MP: 3/3
  2137 | D:2      | Reached XP level 4. HP: 28/28 MP: 4/4
  3580 | D:3      | Noticed Grinder
  3698 | D:3      | Reached skill level 4 in Evocations
  3786 | D:3      | Reached XP level 5. HP: 32/32 MP: 5/5
  3798 | D:3      | Found a runed translucent door.
  3801 | D:3      | Noticed ytrimaz's ghost (amateur OpTm)
  3839 | D:3      | Found a runed translucent door.
  3908 | D:3      | Noticed Ijyb
  3927 | D:3      | HP: 1/32 [Ijyb (5)]
  3929 | D:3      | Slain by Ijyb

Illustrated notes

Levels and vault maps discovered:
D:1:      noname_arrival_rooms_in_the_neighbourhood, layout_loops_cross,
          basic_ecumenical_altar
D:2:      layout_loops_ring, minmay_divided_ellipse
D:3:      layout_basic, ebering_ghost_sewer_f, minmay_lizard_king, uniq_ijyb,
          uniq_grinder

Skill      XL: |  1  2  3  4 |
---------------+-------------+-----
Evocations     | 3 4 |  4.0
Fighting       | 2 3 |  3.6
Armour         | |  2.1
Dodging        | |  0.7
Stealth        | |  1.1

Action                   |  1- 3 |  4- 6 || total
-------------------------+-------+-------++-------
Melee: Club              |    47 |       ||    47
       Staff             |   133 |   102 ||   235
 Fire: Hunting sling     |    42 |    40 ||    82
Evoke: Wand              |     1 |     2 ||     3
  Use: Scroll            |       |     5 ||     5
 Stab: Sleeping          |     1 |     2 ||     3
       Betrayed ally     |       |     1 ||     1
Armor: Leather armour    |   108 |    44 ||   152
Dodge: Dodged            |   144 |    67 ||   211

Table legend: (Time is in decaauts)
 A = Elapsed time spent in this place.
 B = Non-inter-level travel time spent in this place.
 C = Inter-level travel time spent in this place.
 D = Time resting spent in this place.
 E = Time spent auto-exploring this place.
 F = Levels seen in this place.
 G = Mean time per level.
                   A        B        C        D        E       F      G
               +--------+--------+--------+--------+--------+-----+--------+
         Total |   3986 |   3810 |    176 |   1101 |   1905 |   3 | 1328.7 |
       Dungeon |   3986 |   3810 |    176 |   1101 |   1905 |   3 | 1328.7 |
               +--------+--------+--------+--------+--------+-----+--------+

Top non-repeatable levels by time:
     D:1: 1781 daAuts
     D:2: 1759 daAuts
     D:3: 446 daAuts
